 Seeded DCSS version 0.28-a0-2-g643f2454ad (webtiles) character file.

Game seed: 8828301940820978488 (custom seed)

60 karkarkar the Shield-Bearer (level 3, -8/33 HPs)
             Began as a Minotaur Fighter on July 22, 2021.
             Was a Follower of Okawaru.
             Mangled by a gnoll (13 damage)
             ... on level 2 of the Dungeon.
             The game lasted 00:03:29 (1402 turns).

karkarkar the Shield-Bearer (Minotaur Fighter)      Turns: 1402, Time: 00:03:29

Health: -8/33      AC:  7    Str: 21    XL:     3   Next: 82%
Magic:  2/2        EV:  7    Int:  5    God:    Okawaru [*.....]
Gold:   69         SH:  9    Dex:  9    Spells: 2/2 levels left

rFire   . . .      SeeInvis .   a - +0 war axe
rCold   . . .      Faith    .   c - +0 kite shield
rNeg    . . .      Spirit   .   b - +0 scale mail
rPois   .          Reflect  .   (helmet restricted)
rElec   .          Harm     .   (no cloak)
rCorr   .          Rampage  .   (no gloves)
Will    .....                   (no boots)
Stlth   ..........              (no amulet)
HPRegen 0.11/turn               (no ring)
MPRegen 0.08/turn               (no ring)

@: no status effects
A: horns 2, retaliatory headbutt
a: Renounce Religion, Heroism


You were on level 2 of the Dungeon.
You worshipped Okawaru.
Okawaru was aware of your devotion.
You visited 1 branch of the dungeon, and saw 2 of its levels.

You collected 69 gold pieces.

Inventory:

Hand Weapons
 a - a +0 war axe (weapon)
Armour
 b - a +0 scale mail (worn)
 c - a +0 kite shield (worn)
Scrolls
 e - 2 scrolls of identify
 f - a scroll of noise {unknown}
 h - a scroll of silence {unknown}
Potions
 d - a potion of might
 g - a potion of invisibility


   Skills:
 + Level 4.1 Fighting
 + Level 3.0 Axes
 + Level 4.2 Armour
 + Level 0.5 Dodging
 + Level 4.3 Shields
 * Level 0.9 Invocations


You had 2 spell levels left.
You didn't know any spells.
Your spell library was empty.

Dungeon Overview and Level Annotations

Branches:
Dungeon (2/15)

Altars:
Okawaru

Shops:
D:2 *


Innate Abilities, Weirdness & Mutations

You have a pair of horns on your head.
You reflexively headbutt those who attack you in melee.


Message History

You hit the gnoll.
The gnoll is almost dead.
The gnoll hits you with a +0 club. The gnoll completely misses you.
You block the kobold's attack.
You hit the gnoll but do no damage.
The gnoll is almost dead.
You closely miss the kobold. You block the gnoll's attack.
The gnoll hits you from afar with a +0 halberd!
The kobold hits you with a +0 short sword.
The gnoll hits you but does no damage.
A gnoll comes into view. It is wielding a +0 flail.
You block the kobold's attack. The gnoll hits you with a +0 club.
The kobold hits you but does no damage. The gnoll barely misses you.
As you read the scroll labelled MAUQ ASIPIGERR, it crumbles to dust.
It is a scroll of identify.
g - a potion of invisibility You block the kobold's attack.
You block the gnoll's attack. The gnoll barely misses you.
You closely miss the kobold. You block the kobold's attack.
You block the gnoll's attack. You block the kobold's attack.
You hit the kobold.
The kobold is severely wounded.
The gnoll barely misses you. You block the kobold's attack.
The gnoll hits you but does no damage.
You slash the kobold!
You kill the kobold!
Okawaru accepts your kill.
The gnoll hits you from afar with a +0 halberd!
* * * LOW HITPOINT WARNING * * *
You slash the gnoll!
You kill the gnoll!
Okawaru accepts your kill. You block the gnoll's attack. x2
Your Axes skill increases to level 3!
You hit the gnoll but do no damage. You block the gnoll's attack. x2
You closely miss the gnoll. The gnoll closely misses you.
You block the gnoll's attack.
The gnoll hits you from afar with a +0 halberd!
You die...

##### #.# ..#.. ..# # #.#.#
#.# #.# #.#.# #.# .. #.#.#
#.# # ####.#.#.# #.#.#
#.#####
#......#.######.#.###.#
##......
..............g@.......
.......>
#.##.#.......g#.#.###.#
....[... #...####.#.#.#
#.#########.
#...####.#.#.###..>........
...................########.
#.########.#..........#####..
#. #.###.####...#...... #
#.#..........#.###..
#.#.###.#....#.#.#..


You could see 2 gnolls.

Vanquished Creatures
  An adder (D:2)
  A gnoll (D:2)
  A worm (D:2)
  2 dart slugs (D:1)
  3 endoplasms
  A giant cockroach (D:1)
  4 goblins (D:1)
  2 hobgoblins
  3 jackals (D:1)
  5 ball pythons
  A bat (D:1)
  2 frilled lizards
  5 kobolds
  3 rats (D:1)
34 creatures vanquished.

Vanquished Creatures (others)
  A fungus (D:1)
1 creature vanquished.

Grand Total: 35 creatures vanquished

Notes
Turn   | Place    | Note
-------+----------+-------------------------------------------
     0 | D:1      | karkarkar the Minotaur Fighter began the quest for the Orb.
     0 | D:1      | Reached XP level 1. HP: 19/19 MP: 0/0
   126 | D:1      | Reached XP level 2. HP: 26/27 MP: 1/1
   290 | D:1      | Found a faded altar of an unknown god.
   301 | D:1      | Became a worshipper of Warmaster Okawaru
   301 | D:1      | Reached * piety under Okawaru
  1170 | D:2      | Found Kozxuf's Assorted Antiques.
  1173 | D:2      | Reached XP level 3. HP: 33/33 MP: 2/2
  1402 | D:2      | Mangled by a gnoll

Illustrated notes

Levels and vault maps discovered:
D:1:      dpeg_arrival_signposts, layout_basic, serial_curves, eino_curves_02,
          eino_curves_03, shapermc_ecumenical_altar_acropolis
D:2:      layout_basic, serial_shops, shop, nicolae_shop_statue_plus,
          nicolae_shop_waterfront, shop_fountains, nicolae_shop_trees

Skill      XL: |  1  2  3 |
---------------+----------+-----
Fighting       | 4 |  4.1
Shields        | 4 |  4.3
Armour         | 4 |  4.2
Axes           | 3 |  3.0
Dodging        | |  0.5
Invocations    | |  0.9

Action                   || total
-------------------------++-------
Melee: War axe           ||    85
       Headbutt          ||    10
  Use: Scroll            ||     1
Armor: Scale mail        ||    30
Dodge: Dodged            ||    33
Block: Kite shield       ||    58

Table legend: (Time is in decaauts)
 A = Elapsed time spent in this place.
 B = Non-inter-level travel time spent in this place.
 C = Inter-level travel time spent in this place.
 D = Time resting spent in this place.
 E = Time spent auto-exploring this place.
 F = Levels seen in this place.
 G = Mean time per level.
                   A        B        C        D        E       F      G
               +--------+--------+--------+--------+--------+-----+--------+
         Total |   1453 |   1403 |     50 |      0 |   1119 |   2 |  726.5 |
       Dungeon |   1453 |   1403 |     50 |      0 |   1119 |   2 |  726.5 |
               +--------+--------+--------+--------+--------+-----+--------+

Top non-repeatable levels by time:
     D:1: 1198 daAuts
     D:2: 255 daAuts
